 Dungeon Crawl Stone Soup version 0.30-a0-585-g93115170b9 (webtiles) character file.

Game seed: 9801523371038818068

72661 Newt the Skirmisher (level 15, -11/94 HPs)
             Began as a Demonspawn Gladiator on Dec 31, 2022.
             Was the Champion of Hepliaklqana.
             Succumbed to a redback's poison
             ... on level 3 of the Lair of Beasts on Jan 1, 2023.
             The game lasted 00:38:11 (19983 turns).

Newt the Skirmisher (Demonspawn Gladiator)         Turns: 19983, Time: 00:38:11

Health: -11/94     AC: 10    Str: 25    XL:     15   Next: 1%
Magic:  31/31      EV: 18    Int: 17    God:    Hepliaklqana [******]
Gold:   1493       SH: 11    Dex: 22    Spells: 8/22 levels left

rFire   . . .      SeeInvis +    p - +10 sling "Focenuz" {speed, rElec Int+8}
rCold   + + +      Faith    .    h - +0 buckler
rNeg    . . .      Spirit   .    o - +4 skin of Zhor {*Englaciate rC+++ SInv}
rPois   .          Reflect  .    (helmet unavailable)
rElec   +          Harm     +    i - +1 cloak "Leilaus" {Harm rCorr Str+6 Dex-2}
rCorr   +          Rampage  .    (no gloves)
Will    +....                    L - +0 pair of boots
Stlth   ++++                     (no amulet)
HPRegen 0.35/turn                S - ring of magical power
MPRegen 0.22/turn                V - +6 ring of dexterity

@: lethally poisoned (-11 -> -56), studying Evocations
A: reduced essence, antennae 3, ignite blood 1, powered by death 1, sturdy frame
3, large bone plates 1
a: Renounce Religion, Recall Ancestor, Ancestor Identity, Transference, Idealise


You were on level 3 of the Lair of Beasts.
You worshipped Hepliaklqana.
Hepliaklqana was exalted by your worship.
You visited 4 branches of the dungeon, and saw 19 of its levels.
You also visited: Ossuary.

You collected 2807 gold pieces.
You spent 1314 gold pieces at shops.

Inventory:

Hand Weapons
 a - a +1 rapier
 p - the +10 sling "Focenuz" (weapon) {speed, rElec Int+8}
   (You found it on level 2 of the Dungeon)

   Attacks with this weapon are significantly faster.
   Int:       It affects your intelligence (+8).
   rElec:     It insulates you from electricity.
Missiles
 d - 5 throwing nets
 e - a javelin
Armour
 h - a +0 buckler (worn)
 i - the +1 cloak "Leilaus" (worn) {Harm rCorr Str+6 Dex-2}
   (You bought it in a shop on level 2 of the Orcish Mines)

   Str:       It affects your strength (+6).
   Dex:       It affects your dexterity (-2).
   rCorr:     It protects you from acid and corrosion.
   Harm:      It increases damage dealt and taken.
 o - the +4 skin of Zhor (worn) {*Englaciate rC+++ SInv}
   (You bought it in a shop on level 10 of the Dungeon)

   It radiates cold, occasionally slowing all nearby creatures who are not
   resistant to cold.
   rC:        It renders you almost immune to cold.
   SInv:      It lets you see invisible.
 y - a +0 cloak
 G - +0 steam dragon scales
 L - a +0 pair of boots (worn)
 T - a +0 troll leather armour
Jewellery
 b - a ring of magical power
 q - a ring of wizardry
 J - a ring of wizardry
 R - a ring of ice
 S - a ring of magical power (left hand)
 U - a +5 ring of evasion
 V - a +6 ring of dexterity (right hand)
 X - a ring of protection from cold
Wands
 t - a wand of paralysis (11)
 u - a wand of flame (42)
 v - a wand of roots (15)
 E - a wand of mindburst (27)
 P - a wand of light (14)
 W - a wand of polymorph (5)
 Y - a wand of digging (4)
Scrolls
 f - 5 scrolls of amnesia
 j - 5 scrolls of brand weapon
 C - 7 scrolls of teleportation
 F - 4 scrolls of silence
 H - 5 scrolls of magic mapping
 I - 3 scrolls of enchant weapon
 K - 3 scrolls of poison
 M - 5 scrolls of immolation
 Z - 4 scrolls of identify
Potions
 g - 2 potions of berserk rage
 k - 4 potions of lignification
 l - 4 potions of brilliance
 m - a potion of heal wounds
 n - 3 potions of might
 r - 4 potions of mutation
 s - 7 potions of curing
 w - 8 potions of ambrosia
 z - 4 potions of cancellation
 B - 3 potions of attraction
 D - 2 potions of flight
 O - 4 potions of haste
Miscellaneous
 c - a phial of floods
 Q - a tin of tremorstones (2/2)


   Skills:
 - Level 6.0 Fighting
 - Level 2.6 Short Blades
 - Level 14.0 Ranged Weapons
 - Level 1.7 Throwing
 + Level 8.6 Armour
 - Level 8.0 Dodging
 - Level 6.0 Stealth
 - Level 7.0 Shields
 - Level 4.0 Spellcasting
 - Level 7.0 Hexes
 - Level 7.0 Translocations
 - Level 10.0 Invocations
 - Level 10.0 Evocations


You had 8 spell levels left.
You knew the following spells:

 Your Spells              Type           Power      Damage    Failure   Level
a - Portal Projectile     Hex/Tloc       54%        N/A       3%          3
b - Teleport Other        Tloc           27%        N/A       3%          3
c - Passage of Golubria   Tloc           27%        N/A       11%         4
d - Cause Fear            Hex            13%        N/A       11%         4

Your spell library contained the following spells:

 Spells                   Type           Power      Damage    Failure   Level
 Slow                     Hex            100%       N/A       1%          1
 Confusing Touch          Hex            27%        N/A       3%          3
 Gell's Gravitas          Tloc           27%        N/A       3%          3
 Ensorcelled Hibernation  Hex/Ice        30%        N/A       7%          2
 Vhi's Electric Charge    Tloc/Air       30%        N/A       14%         3
 Sting                    Tmut/Pois      12%        1d3       21%         1
 Passwall                 Tmut/Erth      2%         N/A       30%         2
 Poisonous Vapours        Pois/Air       6%         N/A       30%         2
 Anguish                  Hex/Necr       7%         N/A       43%         4
 Leda's Liquefaction      Hex/Erth       7%         N/A       43%         4
 Call Canine Familiar     Summ           3%         N/A       52%         3
 Spider Form              Tmut/Pois      3%         N/A       52%         3
 Swiftness                Air            3%         N/A       52%         3
 Vampiric Draining        Necr           3%         2d6       52%         3
 Silence                  Hex/Air        7%         N/A       78%         5
 Summon Forest            Summ/Tloc      7%         N/A       78%         5
 Summon Mana Viper        Hex/Summ       15%        N/A       78%         5
 Dispersal                Tloc           13%        N/A       86%         6
 Olgreb's Toxic Radiance  Pois           3%         N/A       89%         4
 Summon Ice Beast         Ice/Summ       3%         N/A       89%         4
 Alistair's Intoxication  Tmut/Pois      2%         N/A       99%         5
 Arcjolt                  Conj/Air       1%         1d11      99%         5
 Borgnjor's Vile Clutch   Necr/Erth      1%         N/A       99%         5
 Eringya's Noxious Bog    Tmut/Pois      1%         N/A       100%        6
 Summon Cactus Giant      Summ           1%         N/A       100%        6
 Dragon Form              Tmut           1%         N/A       100%        7
 Monstrous Menagerie      Summ           1%         N/A       100%        7
 Lehudib's Crystal Spear  Conj/Erth      1%         10d2      100%        8
 Maxwell's Capacitive Co  Air            1%         ∞         100%        8
 Chain Lightning          Conj/Air       1%         3d2       100%        9
 Dragon's Call            Summ           1%         N/A       100%        9
 Fire Storm               Conj/Fire      1%         8d1       100%        9
 Shatter                  Erth           1%         3d6*      100%        9


Dungeon Overview and Level Annotations

Branches:
Dungeon (11/15)            Temple (0/1) D:5            Lair (5/5) D:11
 Shoals (0/4) Lair:3       Spider (1/4) Lair:3        Slime (0/5) Lair:5
    Orc (2/2) D:10            Elf (0/3) Orc:2       Ossuary (visited)

Altars:
Gozag
Hepliaklqana
Kikubaaqudgha
Makhleb
Nemelex Xobeh
Okawaru
Qazlal
Ru
Sif Muna
Uskayaw
Vehumet
Jiyva

Shops:
D:4 :   D:8 =   D:9 (   D:10 [   D:11 =   Orc:2 *!([[

Annotations:
Lair:5 exclusion: 3 oklob plants


Innate Abilities, Weirdness & Mutations

Your life essence is reduced to manifest your ancestor. (-10% HP)
You have a pair of large antennae on your head. (SInv)
Your demonic aura sometimes causes spilled blood to erupt in flames.
You regenerate a little health from kills.
Your movements are significantly less encumbered by armour. (ER -6)
You are partially covered in large bone plates. (SH +4)


Message History

Something closely misses Ingiyab.
The tarantella touches you but does no damage.
The culicivora misses you. The redback bites you.
* * * LOW HITPOINT WARNING * * *
You are lethally poisoned!
The redback poisons you!
Something bites Ingiyab but does no damage.
The jumping spider leaps!
The culicivora misses you. The tarantella completely misses you.
Unknown command.
Unknown command.
You feel better. The redback bites you.
* * * LOW HITPOINT WARNING * * *
You are lethally poisoned!
The redback poisons you!
Ingiyab blocks something's attack.
The tarantella touches you.
* * * LOW HITPOINT WARNING * * *
You are confused.
The culicivora closely misses you.
You feel better.
You radiate an aura of cold.
The redback seems to slow down.
The jumping spider seems to slow down.
The tarantella resists.
The culicivora seems to slow down.
Ingiyab is unaffected.
Something bites Ingiyab.
The tarantella closely misses you. You block the redback's attack.
The jumping spider leaps!
The culicivora barely misses you.
Something bites Ingiyab!
The tarantella touches you!
* * * LOW HITPOINT WARNING * * *
Okay, then.
The redback bites you!
* * * LOW HITPOINT WARNING * * *
You are lethally poisoned!
The redback poisons you!
Something barely misses Ingiyab.
You block the tarantella's attack. The culicivora barely misses you.
You climb upwards.
Welcome back to the Lair of Beasts!
Ingiyab passes through a web.
You radiate an aura of cold.
The redback seems to slow down.
The tarantella seems to slow down.
The culicivora seems to slow down.
Ingiyab is unaffected.
You die...

P#P####R####........####..#P##
#### ####P.........##....###
####...............###
#.###.....^........##
##.##P.^........#.#.P#
#.............^##.#..#
#...#..###^..^^##.#..#
#..######^^R^s^#..#..#
#..###.###^s@^#...P..##
#...#...^##^s^....)...#
##...#P...^##...^^#..###
#...#...........^^####
##...#...^....^.^^####
#..........^...##^#..#
###...............##...##
#.........<##..P........#
....##P........###....###


You could see the friendly Ingiyab the knight, a culicivora (slow), a tarantella
(slow) and a redback (slow).

Vanquished Creatures
  The ghost of Coekuehi the Fighter, a journeyman MiBe of Trog (Lair:1)
  An ettin (Orc:2)
  The ghost of dornbeast the Destroyer, a journeyman DrRe of Wu Jian (Lair:5)
  An entropy weaver (Spider:1)
  3 hydras
  3 catoblepae (Lair:5)
  An anaconda (Lair:5)
  2 ogre magi (Orc:2)
  8 two-headed ogres
  6 death yaks (Lair:5)
  2 boulder beetles
  An orc high priest (Orc:2)
  Sonja (D:11)
  A pharaoh ant (Spider:1)
  2 deep trolls (Orc:2)
  2 lindwurms
  An ugly thing (D:11)
  2 oklob plants (Lair:5)
  An orc knight (Orc:2)
  2 orc sorcerers (Orc:1)
  3 cyclopes
  3 manticores
  5 elephants
  2 black mambas
  A demonic crawler (Lair:3)
  A gargoyle (D:8)
  3 rime drakes
  12 cane toads
  2 kobold demonologists
  Psyche (D:11)
  6 komodo dragons
  The ghost of AuraOfTheDawn the Trooper, an amateur DrMo (D:4)
  A queen bee (Lair:1)
  9 trolls
  A wind drake (Lair:3)
  3 polar bears
  A hornet (D:9)
  Prince Ribbit (D:6)
  A wind drake (shapeshifter) (D:9)
  11 blink frogs
  2 centaur simulacra (D:11)
  2 shadows (D:11)
  47 yaks
  A culicivora (Spider:1)
  2 wyverns
  3 basilisks
  2 vampire mosquitoes (D:10)
  4 redbacks (Lair:3)
  2 steam dragons
  2 wargs
  2 acid dragons (D:9)
  12 water moccasins
  19 orc warriors
  2 sky beasts
  5 ice beasts
  4 black bears
  19 wolves
  17 ogres
  3 centaurs
  14 kobold brigands
  4 phantoms
  A necrophage (D:7)
  10 bullfrogs
  A wyvern zombie (D:4)
  A gnoll sergeant (D:3)
  2 scorpions
  3 water moccasin zombies (Ossuary)
  8 wights
  30 killer bees
  2 electric eels (D:11)
  3 howler monkeys
  A lava snake (D:10)
  A quasit (D:6)
  3 hounds
  A bullfrog skeleton (D:4)
  8 orc priests
  A gnoll bouda (D:7)
  6 iguanas
  Natasha (twice) (D:3)
  17 orc wizards
  A killer bee zombie (D:4)
  7 gnolls
  8 adders
  2 shadow imps
  5 white imps
  3 ufetubi (D:6)
  3 adder zombies (Ossuary)
  A worm (D:2)
  3 dart slugs
  42 orcs
  6 ball pythons
  4 bats
  4 endoplasms
  4 giant cockroaches
  7 goblins
  3 hobgoblins
  26 kobolds
  A quokka (D:3)
  2 frilled lizards
  2 gnoll zombies (Ossuary)
  3 hobgoblin zombies (Ossuary)
  7 kobold skeletons (D:8)
  8 kobold zombies
  3 orc zombies (Ossuary)
  A rat (D:2)
535 creatures vanquished.

Vanquished Creatures (collateral kills)
  An orc warlord (Orc:2)
  2 death yaks (Lair:5)
  A wolf spider (Lair:3)
  5 elephants
  2 cane toads
  A black mamba (Lair:2)
  2 komodo dragons
  2 blink frogs
  5 yaks
  A wraith (D:9)
  2 redbacks
  A water moccasin (Lair:3)
  A black bear (D:8)
  5 orc warriors
  5 ogres
  4 wolves
  5 kobold brigands
  A bullfrog (D:9)
  A necrophage (D:4)
  A scorpion (D:7)
  3 water moccasin zombies
  3 wights
  7 killer bees
  A howler monkey (D:9)
  2 quasits (D:6)
  3 orc priests
  Natasha (D:3)
  2 mummies (Ossuary)
  A gnoll (D:7)
  An adder (D:5)
  2 shadow imps
  An ufetubus (D:5)
  An adder zombie (Ossuary)
  A dart slug (D:1)
  5 orcs
  2 goblins
  5 kobolds
  5 kobold skeletons (D:8)
  2 kobold zombies
  2 orc zombies (Ossuary)
98 creatures vanquished.

Vanquished Creatures (others)
  An orc warrior (Orc:2)
  5 knights
  A white imp (D:6)
  3 demonic plants (D:6)
  29 fungi
  29 plants
68 creatures vanquished.

Grand Total: 701 creatures vanquished

Notes
Turn   | Place    | Note
-------+----------+-------------------------------------------
     0 | D:1      | Newt the Demonspawn Gladiator began the quest for the Orb.
     0 | D:1      | Reached XP level 1. HP: 16/16 MP: 1/1
    22 | D:1      | Reached skill level 1 in Stealth
    86 | D:1      | Gained mutation: Your movements are slightly less
                  | encumbered by armour. (ER -2) [demonic ancestry]
    86 | D:1      | Reached XP level 2. HP: 11/22 MP: 2/2
   184 | D:1      | Found a faded altar of an unknown god.
   206 | D:1      | Prayed at the altar of an unknown god.
   206 | D:1      | Became a worshipper of Hepliaklqana the Forgotten
   206 | D:1      | Reached * piety under Hepliaklqana
   656 | D:2      | Gained mutation: You regenerate a little health from kills.
                  | [demonic ancestry]
   656 | D:2      | Reached XP level 3. HP: 25/25 MP: 3/3
   907 | D:2      | Found a hide-covered altar of Uskayaw.
  1089 | D:2      | Identified the +10 sling "Focenuz" {speed, rElec Int+8}
  1470 | D:3      | Gained mutation: Your movements are less encumbered by
                  | armour. (ER -4) [demonic ancestry]
  1470 | D:3      | Reached XP level 4. HP: 33/33 MP: 4/4
  1470 | D:3      | Reached ** piety under Hepliaklqana
  1471 | D:3      | Remembered your ancestor Ingiyab as a knight
  1483 | D:3      | Noticed Natasha
  1486 | D:3      | Killed Natasha
  1493 | D:3      | Reached skill level 1 in Ranged Weapons
  1518 | D:3      | Noticed a gnoll sergeant
  1523 | D:3      | Killed a gnoll sergeant
  1524 | D:3      | Reached skill level 2 in Ranged Weapons
  1524 | D:3      | Reached XP level 5. HP: 37/37 MP: 5/5
  1750 | D:3      | Reached skill level 3 in Ranged Weapons
  1946 | D:3      | Noticed Natasha
  1954 | D:3      | Killed Natasha
  2297 | D:3      | Noticed Natasha
  2304 | D:3      | Killed Natasha
  2548 | D:4      | Gained mutation: You have a pair of small antennae on your
                  | head. [demonic ancestry]
  2548 | D:4      | Reached XP level 6. HP: 43/43 MP: 6/6
  2548 | D:4      | Found an iron altar of Okawaru.
  2561 | D:4      | Reached skill level 4 in Ranged Weapons
  2720 | D:4      | Found a sand-covered staircase.
  2729 | Ossuary  | Entered an ossuary
  2771 | Ossuary  | Reached skill level 5 in Ranged Weapons
  2805 | Ossuary  | Reached XP level 7. HP: 48/48 MP: 7/7
  2841 | Ossuary  | Reached skill level 6 in Ranged Weapons
  3037 | D:4      | Gained mutation: You are partially covered in large bone
                  | plates. (SH +4) [potion of mutation]
  3224 | D:4      | Found a runed translucent gate.
  3224 | D:4      | Found a runed translucent gate.
  3224 | D:4      | Found a runed translucent gate.
  3225 | D:4      | Noticed AuraOfTheDawn's ghost (amateur DrMo)
  3251 | D:4      | Found Baussio's Book Boutique.
  3541 | D:4      | Killed AuraOfTheDawn's ghost
  3542 | D:4      | Gained mutation: Your movements are significantly less
                  | encumbered by armour. (ER -6) [demonic ancestry]
  3542 | D:4      | Reached XP level 8. HP: 37/54 MP: 8/8
  3693 | D:5      | Entered Level 5 of the Dungeon
  3729 | D:5      | Reached *** piety under Hepliaklqana
  3845 | D:5      | Reached skill level 1 in Spellcasting
  3878 | D:5      | Found a staircase to the Ecumenical Temple.
  3906 | D:5      | Learned a level 3 spell: Portal Projectile
  4073 | D:5      | Gained mutation: Your demonic aura sometimes causes spilled
                  | blood to erupt in flames. [demonic ancestry]
  4073 | D:5      | Reached XP level 9. HP: 58/58 MP: 12/14
  4119 | D:5      | Found a sparkling altar of Nemelex Xobeh.
  4292 | D:6      | Found a sacrificial altar of Ru.
  4359 | D:6      | Reached skill level 1 in Translocations
  4478 | D:6      | Reached **** piety under Hepliaklqana
  4616 | D:6      | Found a radiant altar of Vehumet.
  4665 | D:6      | Noticed Prince Ribbit
  4669 | D:6      | Killed Prince Ribbit
  4811 | D:6      | Found a hazy altar of Hepliaklqana.
  4894 | D:6      | Found a hide-covered altar of Uskayaw.
  4898 | D:6      | Reached skill level 5 in Translocations
  4977 | D:7      | Reached skill level 1 in Hexes
  5163 | D:7      | Found a burning altar of Makhleb.
  5165 | D:7      | Found a shimmering blue altar of Sif Muna.
  5479 | D:7      | Identified the +1 cloak of Unreason {+Blink rElec MP+9
                  | Int-2}
  5667 | D:7      | Reached skill level 5 in Hexes
  5925 | D:8      | Found Nawep's Jewellery Shop.
  6033 | D:8      | Gained mutation: You have a pair of antennae on your head.
                  | [demonic ancestry]
  6033 | D:8      | Reached XP level 10. HP: 65/65 MP: 16/16
  6037 | D:8      | Reached skill level 5 in Fighting
  6074 | D:8      | Found an ancient bone altar of Kikubaaqudgha.
  6508 | D:8      | Noticed a gargoyle
  6517 | D:8      | Killed a gargoyle
  6518 | D:8      | Reached skill level 7 in Ranged Weapons
  6935 | D:9      | Found an opulent altar of Gozag.
  6947 | D:9      | Found Peososemn's Antique Weapon Emporium.
  7101 | D:9      | Reached skill level 8 in Ranged Weapons
  7132 | D:9      | Reached ***** piety under Hepliaklqana
  7281 | D:9      | Reached skill level 9 in Ranged Weapons
  7442 | D:9      | Reached skill level 5 in Dodging
  7769 | D:9      | Learned a level 3 spell: Teleport Other
  7803 | D:9      | Paralysed by a hornet for 2 turns
  7811 | D:9      | Reached XP level 11. HP: 55/72 MP: 9/17
  8154 | D:10     | Entered Level 10 of the Dungeon
  8295 | D:10     | Found a stormy altar of Qazlal.
  8667 | D:10     | Found Qyhozori's Armour Shop.
  8902 | D:10     | Reached skill level 5 in Stealth
  8950 | D:10     | Found a staircase to the Orcish Mines.
  9352 | D:11     | Reached skill level 1 in Invocations
  9355 | D:11     | Noticed a boulder beetle
  9384 | D:11     | Killed a boulder beetle
  9614 | D:11     | Reached skill level 5 in Invocations
  9620 | D:11     | Noticed a green ugly thing
  9645 | D:11     | Killed a green ugly thing
  9831 | D:11     | Found Jacu's One-of-a-Kind Rings.
  9930 | D:11     | Noticed Sonja
  9937 | D:11     | Killed Sonja
  9937 | D:11     | Noticed Psyche
  9938 | D:11     | Reached XP level 12. HP: 79/79 MP: 18/18
  9940 | D:11     | Killed Psyche
 10188 | D:11     | Found a staircase to the Lair.
 10391 | Lair:1   | Entered Level 1 of the Lair of Beasts
 10396 | Lair:1   | Noticed Coekuehi's ghost (journeyman MiBe)
 10569 | Lair:1   | Found a runed translucent gate.
 10707 | Lair:1   | Reached skill level 10 in Invocations
 10954 | Lair:1   | Found a runed translucent gate.
 10954 | Lair:1   | Noticed a nine-headed hydra
 10955 | Lair:1   | Found a runed translucent gate.
 10957 | Lair:1   | Noticed a nine-headed hydra
 11452 | D:10     | Bought the +4 skin of Zhor {*Englaciate rC+++ SInv} for 997
                  | gold pieces
 11452 | D:10     | Found the +4 skin of Zhor {*Englaciate rC+++ SInv}
 11596 | Lair:1   | Killed a nine-headed hydra
 11599 | Lair:1   | Killed a nine-headed hydra
 11648 | Lair:1   | Killed Coekuehi's ghost
 11949 | Lair:2   | Reached skill level 1 in Evocations
 12001 | Lair:2   | Learned a level 4 spell: Passage of Golubria
 12048 | Lair:2   | Reached skill level 5 in Evocations
 12332 | Lair:2   | Reached ****** piety under Hepliaklqana
 12425 | Lair:2   | Gained mutation: You have a pair of large antennae on your
                  | head. (SInv) [demonic ancestry]
 12425 | Lair:2   | Reached XP level 13. HP: 83/83 MP: 20/20
 12845 | Lair:3   | Reached skill level 10 in Evocations
 12928 | Lair:3   | Found a hole to the Spider Nest.
 12944 | Lair:3   | Found a staircase to the Shoals.
 13808 | Lair:4   | Reached skill level 10 in Ranged Weapons
 14319 | Lair:4   | Identified the +7 rapier of Jyosio Meca {freeze, rElec rF+
                  | rN+ Str-3}
 14568 | Lair:4   | Reached skill level 11 in Ranged Weapons
 14898 | Lair:5   | Entered Level 5 of the Lair of Beasts
 14932 | Lair:4   | Upgraded the game from 0.30-a0-578-gdee14c521f to
                  | 0.30-a0-585-g93115170b9
 15069 | Lair:5   | Found a staircase to the Slime Pits.
 15463 | Lair:5   | Found a viscous altar of Jiyva.
 15574 | Lair:5   | Reached skill level 12 in Ranged Weapons
 15686 | Lair:5   | Found a large runed translucent door.
 15686 | Lair:5   | Found a large runed translucent door.
 15852 | Lair:5   | Noticed dornbeast's ghost (journeyman DrRe)
 15895 | Lair:5   | Reached skill level 13 in Ranged Weapons
 15895 | Lair:5   | Reached XP level 14. HP: 51/90 MP: 20/21
 16549 | Lair:5   | Reached skill level 14 in Ranged Weapons
 16759 | Lair:5   | Reached skill level 5 in Shields
 17249 | Lair:5   | Killed dornbeast's ghost
 17442 | Orc:1    | Entered Level 1 of the Orcish Mines
 17533 | Orc:1    | Learned a level 4 spell: Cause Fear
 17861 | Orc:2    | Entered Level 2 of the Orcish Mines
 18020 | Orc:2    | Found Meath's Antique Armour Boutique.
 18064 | Orc:2    | Reached skill level 5 in Armour
 18195 | Orc:2    | Bought a scorched cloak for 247 gold pieces
 18195 | Orc:2    | Identified the +1 cloak "Leilaus" {Harm rCorr Str+6 Dex-2}
                  | (You bought it in a shop on level 2 of the Orcish Mines)
 18250 | Orc:2    | Found Teiroal's Armour Emporium.
 18251 | Orc:2    | Found a staircase to the Elven Halls.
 18255 | Orc:2    | Found Dofy's Weapon Shop.
 18266 | Orc:2    | Found Zaomm's Distillery.
 18267 | Orc:2    | Found Roihuas's Assorted Antiques.
 18293 | Orc:2    | Bought a potion of heal wounds for 70 gold pieces
 18384 | Orc:2    | Noticed an orc warlord
 18810 | Orc:2    | Killed an orc warlord
 19584 | Spider:1 | Entered Level 1 of the Spider Nest
 19614 | Lair:3   | Reached XP level 15. HP: 66/94 MP: 22/22
 19983 | Lair:3   | Succumbed to a redback's poison

Illustrated notes

Levels and vault maps discovered:
D:1:      minmay_arrival_cross, layout_rooms,
          hellmonk_ecumenical_altar_lost_god, hangedman_decor_push
D:2:      layout_loops_ring, basic_altar
D:3:      layout_basic, minmay_crystal_room, pf_guarded_unrand_woodcutter,
          uniq_natasha
D:4:      layout_basic, okawaru_gym_becter, chequers_ossuary_entry_cave,
          serial_shops, shop, gammafunk_ghost_necromancy
D:5:      layout_rooms, nemelex_altar_shiori, temple_fountains
D:6:      layout_basic, nzn_hepliaklqana_mist_gate, nicolae_uskayaw_suspiria,
          mainiacjoe_overflow_swirl, serial_demonic, serial_demonic_c,
          serial_demonic_d, serial_demonic_g, serial_demonic_d,
          serial_demonic_c, serial_demonic_g, serial_demonic_a,
          wad_floor_pattern_1, uniq_prince_ribbit1
D:7:      layout_basic, nicolae_overflow_hidden_temple
D:8:      wander_kiku_kobolds, layout_basic, serial_shops, nicolae_stop_n_shop_2
D:9:      kennysheep_windowed_halls, layout_irregular_city,
          nicolae_gozag_seed_capital, serial_shops, shop
D:10:     layout_long_grid, overflow_temple_1_default, orc_0_dummy, special_room
          [special_room_kobold], nicolae_inconvenience_store
D:11:     layout_basic, grunt_lair_entry_orc_guard_hut, serial_ice,
          serial_ice_e, serial_ice_m, serial_ice_c, serial_ice_h,
          nicolae_shop_unique_rings, fungi_pond_lemuel, uniq_sonja, uniq_psyche
Lair:1:   layout_roguey [special_room_bee], gammafunk_ghost_hydra_chop
Lair:2:   layout_long_grid, eino_small_chamber_without_monster,
          nicolae_quartered_pool_little, infiniplex_staircase_pool_2
Lair:3:   layout_layer_cave, minmay_shoals_entry_beasts, spider_nest_entry_webs
Lair:4:   layout_gridlike, serial_rivers, chequers_serial_rivers_small_3,
          chequers_serial_rivers_small_3, chequers_serial_rivers_large_b,
          chequers_serial_rivers_micro_c, chequers_serial_rivers_micro_d,
          chequers_serial_rivers_micro_a, lemuel_another_geyser,
          lemuel_fruit_tree
Lair:5:   evilmike_catoblepas_cave, layout_regular_city,
          minmay_slime_entry_oklob_open, ebering_ghost_disaster_area,
          nicolae_lair_lindhole
Spider:1: layout_spider_delve, hangedman_spider_tarantella_strand,
          uniq_mlioglotl, uniq_rupert
Orc:1:    layout_caves
Orc:2:    st_orc_open, layout_caves, serial_shops, nicolae_shop_hallway_plus

Skill      XL: |  1  2  3  4  5  6  7  8  9 10 11 12 13 14 |
---------------+-------------------------------------------+-----
Stealth        | 1 2 6 |  6.0
Fighting       | 3 4 6 |  6.0
Ranged Weapons | 2 3 5 6 9 13 14 | 14.0
Dodging        | 4 5 8 |  8.0
Armour         | 3 4 8 |  8.6
Shields        | 4 7 |  7.0
Spellcasting   | 3 4 |  4.0
Translocations | 5 7 |  7.0
Hexes          | 5 7 |  7.0
Invocations    | 7 10 | 10.0
Evocations     | 8 10 | 10.0
Short Blades   | |  2.6
Throwing       | |  1.7

Action                   |  1- 3 |  4- 6 |  7- 9 | 10-12 | 13-15 || total
-------------------------+-------+-------+-------+-------+-------++-------
Melee: Rapier            |   103 |       |       |       |       ||   103
       Punch             |     2 |       |       |       |       ||     2
 Fire: Sling             |    15 |    97 |   275 |   746 |   986 ||  2119
 Cast: Portal Projectile |       |       |     1 |    16 |    20 ||    37
       Teleport Other    |       |       |       |     4 |     6 ||    10
       Passage of Golubr |       |       |       |       |     4 ||     4
       Cause Fear        |       |       |       |       |     3 ||     3
Invok: Ancestor Life: Kn |       |     1 |       |       |       ||     1
       Idealise          |       |       |       |       |     3 ||     3
       Recall Ancestor   |       |       |       |       |     6 ||     6
       Transference      |       |       |       |       |     3 ||     3
Evoke: Wand              |       |       |       |     1 |     4 ||     5
  Use: Scroll            |     4 |     4 |     5 |    11 |     1 ||    25
       Potion            |       |       |     2 |     4 |     3 ||     9
 Stab: Sleeping          |     4 |       |       |       |       ||     4
Armor: Leather armour    |    46 |     6 |     2 |       |       ||    54
       Steam dragon scal |       |       |     3 |    18 |       ||    21
       Troll leather arm |       |       |       |     7 |       ||     7
       Animal skin       |       |       |       |     2 |    20 ||    22
Dodge: Dodged            |    63 |     6 |    14 |   121 |    70 ||   274
Block: Orb               |       |       |     2 |    23 |       ||    25
       Other             |       |       |       |     2 |       ||     2
       Buckler           |       |       |       |       |    54 ||    54

Table legend: (Time is in decaauts)
 A = Elapsed time spent in this place.
 B = Non-inter-level travel time spent in this place.
 C = Inter-level travel time spent in this place.
 D = Time resting spent in this place.
 E = Time spent auto-exploring this place.
 F = Levels seen in this place.
 G = Mean time per level.
                   A        B        C        D        E       F      G
               +--------+--------+--------+--------+--------+-----+--------+
         Total |  19149 |  17881 |   1268 |   2499 |  12575 |  20 |  957.5 |
       Dungeon |  10337 |   9493 |    844 |    613 |   7466 |  11 |  939.7 |
          Lair |   6814 |   6536 |    278 |   1566 |   3994 |   5 | 1362.8 |
   Spider Nest |     22 |     22 |      0 |      0 |      0 |   1 |   22.0 |
  Orcish Mines |   1839 |   1694 |    145 |    319 |   1039 |   2 |  919.5 |
       Ossuary |    135 |    135 |      0 |      0 |     76 |   1 |  135.0 |
               +--------+--------+--------+--------+--------+-----+--------+

Top non-repeatable levels by time:
  Lair:5: 2258 daAuts
   Orc:2: 1343 daAuts
  Lair:3: 1288 daAuts
     D:9: 1268 daAuts
    D:10: 1245 daAuts
  Lair:1: 1222 daAuts
  Lair:4: 1191 daAuts
    D:11: 1185 daAuts
     D:3: 1150 daAuts
     D:4: 994 daAuts
     D:7: 947 daAuts
     D:8: 938 daAuts
  Lair:2: 852 daAuts
     D:6: 759 daAuts
     D:2: 754 daAuts
